[Event "Late-Titled-Tuesday-Blitz-August-29-2023"]
[Site "Chess.com"]
[Date "2023.08.29"]
[Round "5"]
[White "cthake"]
[Black "joksijoksi"]
[Result "0-1"]
[WhiteElo "1868"]
[BlackElo "2452"]
[TimeControl "180+1"]
[EndTime "14:53:14 PDT"]
[Termination "joksijoksi won on time"]

1. b3 d5 2. Bb2 Nf6 3. e3 c6 4. f4 Bf5 5. Nf3 h6 6. d3 e6 7. Be2 Nbd7 8. O-O a5 9. Nbd2 Bc5 10.
d4 Bd6 11. Ne5 a4 12. Ndf3 Ne4 13. c4 a3 14. Bc1 Nc3 15. Qe1 Nxe2+ 16. Qxe2 Nf6 17.
cxd5 exd5 18. Nd2 O-O 19. h3 Ne4 20. Nxe4 Bxe4 21. Bd2 f6 22. Nf3 Re8 23. Kh1 Bh7 24. Qf2 Bd3 25. Rg1 Be4 26. Rae1 Re7 27. Nh4 Qd7 28.
Nf3 g5 29. fxg5 fxg5 30. Qe2 Rf8 31. Ref1 Ref7 32. Nh2 Qxh3 33. Rf4 gxf4 34. Qg4+ Qxg4 35. Nxg4 fxe3 36. Bxe3 Bg3 37. Nxh6+ Kg7 38. Nxf7 Rxf7 39. Rc1 Rf5 40. Kg1 Rh5 41. b4 Bd3 42. Rc3 Bb5 43. Rxa3 Rf5 44. Kh1 Rf1+ 45. Bg1 Bf2 0-1

[Event "Late-Titled-Tuesday-Blitz-August-29-2023"]
[Site "Chess.com"]
[Date "2023.08.29"]
[Round "5"]
[White "psychokiller48"]
[Black "WindWhistler11"]
[Result "0-1"]
[WhiteElo "2670"]
[BlackElo "2492"]
[TimeControl "180+1"]
[EndTime "14:53:28 PDT"]
[Termination "WindWhistler11 won by resignation"]

1. e4 e6 2. d4 d5 3. Nc3 Bb4 4. Ne2 Ne7 5. a3 Ba5 6. Bd2 Bb6 7. Bg5 f6 8. Be3 Nbc6 9. f3 e5 10. Nxd5 Nxd5 11. exd5 Qxd5 12. Nc3 Qf7 13. Bb5 Be6 14. d5 O-O-O 15. Bxb6 axb6 16. Bxc6 bxc6 17. Qd3 Bxd5 18. Qa6+ Kb8 19. a4 Bc4 20. Nb5 cxb5 21. axb5 Qd5 22.
Kf2 Qd2+ 23. Kg3 Qf4+ 24. Kh3 Be6+ 0-1

[Event "Late-Titled-Tuesday-Blitz-August-29-2023"]
[Site "Chess.com"]
[Date "2023.08.29"]
[Round "5"]
[White "NMJeevanK"]
[Black "FeketeBarika"]
[Result "1-0"]
[WhiteElo "2528"]
[BlackElo "2363"]
[TimeControl "180+1"]
[EndTime "14:53:28 PDT"]
[Termination "NMJeevanK won by resignation"]

1. e4 e6 2. d4 d5 3. e5 c5 4.
c3 Nc6 5. Nf3 Bd7 6. Bd3 cxd4 7.
cxd4 Nh6 8. O-O f6 9. exf6 Qxf6 10. Bg5 Qf7 11. Nc3 Nf5 12. Nb5 Rc8 13. Re1 Be7 14.
Bxe7 Kxe7 15. Qb3 a6 16. Bxf5 axb5 17. Bxe6 Bxe6 18. Ng5 Qf5 19. Nxe6 Kf7 20. Re3 Kg8 21. Qxb5 h6 22. Qxb7 1-0

[Event "Late-Titled-Tuesday-Blitz-August-29-2023"]
[Site "Chess.com"]
[Date "2023.08.29"]
[Round "5"]
[White "KaydenTroffChess"]
[Black "sergoy"]
[Result "0-1"]
[WhiteElo "2798"]
[BlackElo "2973"]
[TimeControl "180+1"]
[EndTime "14:53:29 PDT"]
[Termination "sergoy won by checkmate"]

1. d4 Nf6 2. Nf3 d5 3. Bf4 c5 4. e3 Nc6 5. Nc3 Bg4 6. dxc5 e6 7. Na4 Be7 8. Be2 Ne4 9. h3 Bh5 10. c3 Nxc5 11. Nxc5 Bxc5 12. O-O O-O 13. Rc1 Qb6 14.
Ne5 Nxe5 15. Bxh5 Ng6 16. Bxg6 hxg6 17. Qe2 Rac8 18. c4 d4 19. exd4 Bxd4 20. b3 Rfd8 21. Rfd1 Rd7 22. Be3 Rcd8 23. Bxd4 Rxd4 24. Rxd4 Qxd4 25.
g3 g5 26. Kh2 a5 27. Rc2 g6 28. Kg2 Kg7 29. Qe3 Qxe3 30. fxe3 Kf6 31. Kf3 Ke5 32.
Ke2 Rh8 33. c5 Rxh3 34. Kf3 f5 35. c6 bxc6 36. Rxc6 Rh2 37. Rc5+ Kf6 38. Rxa5 g4+ 39.
Kf4 g5# 0-1

[Event "Late-Titled-Tuesday-Blitz-August-29-2023"]
[Site "Chess.com"]
[Date "2023.08.29"]
[Round "5"]
[White "gunslinger222"]
[Black "Andrei_Skvortsov"]
[Result "0-1"]
[WhiteElo "2473"]
[BlackElo "2662"]
[TimeControl "180+1"]
[EndTime "14:53:32 PDT"]
[Termination "Andrei_Skvortsov won by resignation"]

1. d4 g6 2. c4 Bg7 3. Nc3 e6 4.
e4 Ne7 5. Be3 d5 6. f3 Nbc6 7.
cxd5 exd5 8. e5 O-O 9. Bb5 f6 10. exf6 Bxf6 11. Nge2 Nf5 12. Bf2 Nce7 13. O-O Nd6 14.
Bd3 Bf5 15. Bxf5 Ndxf5 16. Qb3 Rb8 17. Rfd1 c6 18. Qa3 Nd6 19. Qxa7 Ra8 20. Qc5 Nc4 21. b3 Na3 22. Rac1 Nf5 23. Ng3 Be7 24. Nxf5 Bxc5 25. Nh6+ Kg7 26. dxc5 Kxh6 27. Bd4 Re8 28. Rd3 Qh4 29.
Ne4 dxe4 30. fxe4 Rxe4 31. Rh3 Qxh3 32. gxh3 Rxd4 0-1

[Event "Late-Titled-Tuesday-Blitz-August-29-2023"]
[Site "Chess.com"]
[Date "2023.08.29"]
[Round "5"]
[White "Semetey"]
[Black "jcreyes69"]
[Result "1-0"]
[WhiteElo "2587"]
[BlackElo "2356"]
[TimeControl "180+1"]
[EndTime "14:53:34 PDT"]
[Termination "Semetey won by resignation"]

1. e4 c5 2. Nf3 e6 3. d4 cxd4 4. Nxd4 Nc6 5. Nc3 Qc7 6. g3 a6 7. Bg2 d6 8. O-O Bd7 9. a4 Be7 10. h3 Nf6 11. Nb3 O-O 12. a5 Rfd8 13. Be3 Qc8 14. Bb6 Re8 15. f4 Bd8 16. Be3 Bc7 17. g4 Kh8 18. g5 Ng8 19. Qh5 g6 20. Qh4 Qd8 21. Rad1 Nge7 22. Nd4 Bxa5 23. f5 Bb6 24. fxe6 Bxe6 25. Kh1 Nxd4 26. Rxd4 Bxd4 27. Bxd4+ Kg8 28. Qh6 1-0

[Event "Late-Titled-Tuesday-Blitz-August-29-2023"]
[Site "Chess.com"]
[Date "2023.08.29"]
[Round "5"]
[White "Karttunen"]
[Black "Rinqed222"]
[Result "1-0"]
[WhiteElo "2586"]
[BlackElo "2229"]
[TimeControl "180+1"]
[EndTime "14:53:37 PDT"]
[Termination "Karttunen won by resignation"]

1. e4 e6 2. d4 d5 3. Nc3 Nf6 4. Bg5 Bb4 5. e5 h6 6. Bc1 Bxc3+ 7. bxc3 Ne4 8. Qg4 g6 9. Ne2 c5 10. f3 Ng5 11. h4 Nh7 12. Bxh6 Rg8 13. Bd2 Nc6 14. h5 Qa5 15. a4 Bd7 16. Nf4 Nf8 17. hxg6 Nxg6 18. Nxg6 fxg6 19. Qg5 Ne7 20. Rh7 Qd8 21.
Qf6 Rf8 22. Rh8 Rxh8 23. Qxh8+ Kf7 24. Qh7+ Kf8 25. Bh6+ Ke8 26. Qh8+ Kf7 27. Qg7+ 1-0

[Event "Late-Titled-Tuesday-Blitz-August-29-2023"]
[Site "Chess.com"]
[Date "2023.08.29"]
[Round "5"]
[White "Jospem"]
[Black "oskariot"]
[Result "1-0"]
[WhiteElo "3043"]
[BlackElo "2649"]
[TimeControl "180+1"]
[EndTime "14:53:38 PDT"]
[Termination "Jospem won on time"]

1. e4 d6 2. d4 Nf6 3. Bd3 e5 4. c3 d5 5. dxe5 Nxe4 6. Nf3 Nc6 7. Nbd2 Nc5 8. Be2 Be7 9. O-O O-O 10. Nb3 Ne4 11.
Re1 Bf5 12. Nfd4 Nxd4 13. cxd4 Bb4 14. f3 Ng5 15. Bd2 Bxd2 16. Qxd2 Ne6 17. g3 b6 18.
Rac1 c5 19. Qe3 Rc8 20. Red1 c4 21. Nd2 h5 22. Nf1 b5 23. Qf2 f6 24. f4 fxe5 25.
dxe5 d4 26. Bxh5 d3 27. Ne3 Be4 28. Bg4 Qe7 29. Re1 Rcd8 30. Rcd1 Ba8 31. Bf3 Bxf3 32. Qxf3 Nd4 33. Qg2 Qe6 34. Kh1 b4 35. Qe4 1-0

[Event "Late-Titled-Tuesday-Blitz-August-29-2023"]
[Site "Chess.com"]
[Date "2023.08.29"]
[Round "5"]
[White "subham777"]
[Black "bascheyaro"]
[Result "0-1"]
[WhiteElo "2528"]
[BlackElo "2820"]
[TimeControl "180+1"]
[EndTime "14:53:41 PDT"]
[Termination "bascheyaro won on time"]

1. e4 e6 2. Nf3 d5 3. Nc3 c5 4. exd5 exd5 5. d4 Nf6 6. Be2 Nc6 7.
O-O h6 8. Re1 Be6 9. Bf4 c4 10.
Ne5 Bb4 11. Nxc6 bxc6 12. Bg4 Nxg4 13. Qxg4 O-O 14. Qg3 Qf6 15. Be5 Qg5 16. Qxg5 hxg5 17. Re3 Rfe8 18. Rae1 Bf5 19. R3e2 f6 20. Bg3 Kf7 21.
a3 Ba5 22. Kf1 Rxe2 23. Rxe2 Re8 24. Rd2 Re7 25. f3 Rb7 26. Re2 Rxb2 27. Na4 Rxc2 28. Rxc2 Bxc2 29. Nc5 Bc3 30. Bf2 Bb2 31. a4 c3 32. Ke2 Bb1 33. Be3 Ba3 34. Nd3 Bc2 35. a5 Ba4 36. g4 Bb5 37. Bf2 c2 38. Be3 c1=Q 39. Bxc1 Bxc1 40. h3 a6 41. h4 gxh4 0-1

[Event "Late-Titled-Tuesday-Blitz-August-29-2023"]
[Site "Chess.com"]
[Date "2023.08.29"]
[Round "5"]
[White "Fandorine"]
[Black "Alexei_Gubajdullin"]
[Result "1-0"]
[WhiteElo "2917"]
[BlackElo "2622"]
[TimeControl "180+1"]
[EndTime "14:53:41 PDT"]
[Termination "Fandorine won by resignation"]

1. e4 g6 2. d4 d6 3. Nc3 a6 4. Be3 b5 5. Qd2 Nd7 6. f3 Bb7 7. h4 Ngf6 8. O-O-O b4 9. Nce2 a5 10. Kb1 h6 11. g4 Bg7 12. Ng3 Qc8 13. h5 g5 14. Bc4 e6 15. Nh3 Nb6 16. Be2 Ba6 17. d5 Nfd7 18. Bd4 Bxd4 19. Qxd4 Ne5 20. f4 gxf4 21.
Nxf4 Bxe2 22. Ngxe2 Rg8 23. dxe6 fxe6 24. Ng6 Nbd7 25. Nef4 Nf3 26. Qe3 Nde5 27. Nd3 Ng5 28. Ndxe5 dxe5 29. Qc5 1-0

[Event "Late-Titled-Tuesday-Blitz-August-29-2023"]
[Site "Chess.com"]
[Date "2023.08.29"]
[Round "5"]
[White "vladislavkovalev"]
[Black "nihalsarin"]
[Result "1-0"]
[WhiteElo "2931"]
[BlackElo "3114"]
[TimeControl "180+1"]
[EndTime "14:53:43 PDT"]
[Termination "vladislavkovalev won by checkmate"]

1. e4 c6 2. Nf3 d5 3. d3 f6 4. e5 Bg4 5. h3 Bxf3 6. Qxf3 fxe5 7.
Qh5+ g6 8. Qxe5 Nf6 9. Nd2 Nbd7 10. Qe6 Nc5 11. Qe3 Qb6 12. Nb3 Na4 13. d4 Bg7 14.
Bd3 O-O 15. O-O Rae8 16. Qe6+ Kh8 17. Re1 Nh5 18. c3 Qc7 19. Re2 Rf6 20. Qg4 e5 21. dxe5 Rxe5 22. Qxa4 Rfe6 23. Rxe5 Bxe5 24. Be3 Bh2+ 25. Kh1 Kg8 26. Re1 Bf4 27. Qxa7 Qe7 28. Re2 Bc7 29. Qc5 Qh4 30. Nd4 Rf6 31. Qe7 Bd6 32.
Qd8+ Kf7 33. Nf3 Qa4 34. Bh6 Rxf3 35. Qe8+ Kf6 36. Qe6# 1-0

[Event "Late-Titled-Tuesday-Blitz-August-29-2023"]
[Site "Chess.com"]
[Date "2023.08.29"]
[Round "5"]
[White "h4parah5"]
[Black "enriquetejedor"]
[Result "0-1"]
[WhiteElo "2953"]
[BlackElo "2716"]
[TimeControl "180+1"]
[EndTime "14:53:43 PDT"]
[Termination "enriquetejedor won by resignation"]

1. e4 c5 2. Nf3 d6 3. Nc3 Nc6 4. d4 cxd4 5. Nxd4 Nf6 6. Bg5 e6 7. Qd3 a6 8. Nxc6 bxc6 9. O-O-O Qa5 10. f4 Nd7 11. Bh4 Rb8 12. Qe3 Qb6 13. Qxb6 Nxb6 14. Be2 d5 15. b3 Ba3+ 16. Kb1 O-O 17. Bf3 a5 18. Bf2 Bb4 19. Bd4 Nc4 20. Na4 Na3+ 21. Kb2 Nb5 22. Bc5 Re8 23. a3 Nxa3 24. e5 Nc4+ 25.
Ka2 Bxc5 26. Nxc5 Nb6 27. Kb2 a4 28. Kc3 axb3 29. cxb3 Nd7 30. Nxd7 Bxd7 31. Ra1 Rb7 32. Ra3 Reb8 33. Rha1 c5 34. Bd1 h6 35. Ra5 Rc7 36. Ra7 Rbc8 37. Rxc7 Rxc7 38. Ra8+ Kh7 39. Bc2+ g6 40. h4 Bc6 41. g3 Bxa8 0-1

[Event "Late-Titled-Tuesday-Blitz-August-29-2023"]
[Site "Chess.com"]
[Date "2023.08.29"]
[Round "5"]
[White "Incognito_Knight"]
[Black "vi_pranav"]
[Result "1-0"]
[WhiteElo "2812"]
[BlackElo "2954"]
[TimeControl "180+1"]
[EndTime "14:53:45 PDT"]
[Termination "Incognito_Knight won by resignation"]

1. b3 e5 2. Bb2 Nc6 3. c4 Nf6 4.
Nf3 e4 5. Nd4 Bc5 6. Nf5 O-O 7.
Ng3 Re8 8. Nc3 d6 9. e3 a6 10. a3 Ba7 11. Qb1 Qe7 12. Be2 Nd8 13. O-O c6 14. f3 exf3 15. Bxf3 Qf8 16. Nce4 Nxe4 17. Bxe4 g6 18. Nh5 f5 19. Nf6+ Kf7 20. Bxf5 Bxf5 21. Rxf5 gxf5 22. Qxf5 Ne6 23. Rf1 Ng7 24. Qd7+ Kg6 25. Qg4+ Kf7 26. Nxh7+ Ke7 27. Nxf8 1-0

[Event "Late-Titled-Tuesday-Blitz-August-29-2023"]
[Site "Chess.com"]
[Date "2023.08.29"]
[Round "5"]
[White "zsoltkorpics"]
[Black "MikeSailer"]
[Result "1-0"]
[WhiteElo "2381"]
[BlackElo "2168"]
[TimeControl "180+1"]
[EndTime "14:53:46 PDT"]
[Termination "zsoltkorpics won by checkmate"]

1. e4 d5 2. exd5 Qxd5 3. Nc3 Qd6 4. d4 c6 5. Nf3 Bg4 6. h3 Bh5 7. g4 Bg6 8. Ne5 Nd7 9. Nxg6 hxg6 10. Bg2 e6 11. Ne4 Qc7 12. Qf3 Be7 13. Bf4 Qa5+ 14. Bd2 Qb6 15. O-O-O Ngf6 16. g5 Nxe4 17. Qxe4 O-O-O 18. h4 Kb8 19. Bf4+ Ka8 20. Rh3 Qa5 21. Qxc6 Qb6 22.
Qa4 Qb4 23. Rb3 Qxa4 24. Bxb7# 1-0

[Event "Late-Titled-Tuesday-Blitz-August-29-2023"]
[Site "Chess.com"]
[Date "2023.08.29"]
[Round "5"]
[White "GGuseinov"]
[Black "CrushingKings"]
[Result "1-0"]
[WhiteElo "2865"]
[BlackElo "2569"]
[TimeControl "180+1"]
[EndTime "14:53:49 PDT"]
[Termination "GGuseinov won by resignation"]

1. e4 g6 2. d4 Bg7 3. Nc3 c6 4. Nf3 d5 5. Be2 dxe4 6. Nxe4 Nf6 7. Nxf6+ exf6 8. O-O O-O 9. h3 Re8 10. c3 a5 11. a4 Na6 12. Re1 Nc7 13. Bf4 Nd5 14. Bg3 Bf5 15. Qd2 Qd7 16. Bd3 Bf8 17. Bxf5 Qxf5 18.
Rxe8 Rxe8 19. Ne1 Nb6 20. b3 c5 21. Nc2 c4 22. Ne3 Rxe3 23. Qxe3 cxb3 24. Qe2 Nc4 25.
Qxc4 b2 26. Rf1 b1=Q 27. Rxb1 Qxb1+ 28. Kh2 Kg7 29. d5 Qb6 30. Qc7 Bc5 31. d6 Bxf2 32.
Bxf2 Qxf2 33. d7 1-0

[Event "Late-Titled-Tuesday-Blitz-August-29-2023"]
[Site "Chess.com"]
[Date "2023.08.29"]
[Round "5"]
[White "Levanzovsky"]
[Black "dennisodessa"]
[Result "1-0"]
[WhiteElo "2418"]
[BlackElo "2529"]
[TimeControl "180+1"]
[EndTime "14:53:50 PDT"]
[Termination "Levanzovsky won by resignation"]

1. g3 e5 2. Bg2 Nc6 3. c4 Bc5 4. Nc3 Nf6 5. e3 O-O 6. Nge2 d6 7. O-O Bg4 8. h3 Bh5 9. g4 Bg6 10. d4 Bb6 11. Nd5 Re8 12. Nxb6 axb6 13. Ng3 exd4 14. exd4 Ne4 15. d5 Na5 16. b3 Qf6 17. Be3 Nxg3 18. fxg3 Qxa1 19. Qxa1 Rxe3 20. Kh2 Nxb3 21.
axb3 Rxa1 22. Rxa1 h6 23. Ra8+ Kh7 24. Rc8 Rxb3 25.
Rxc7 b5 26. c5 dxc5 27. Rxc5 Rb2 28. Kg1 Rb1+ 29. Kf2 Rb2+ 30. Kf3 Rb3+ 31. Kf4 Bb1 32. d6 f6 33. Be4+ Bxe4 34. Kxe4 Rb4+ 35. Kf5 Rd4 36. Ke6 b4 37. d7 Re4+ 38. Kd6 Rd4+ 39. Rd5 Rxd5+ 40. Kxd5 b3 41. d8=Q b2 42. Qb6 1-0

[Event "Late-Titled-Tuesday-Blitz-August-29-2023"]
[Site "Chess.com"]
[Date "2023.08.29"]
[Round "5"]
[White "Kombinator01"]
[Black "valemava"]
[Result "1-0"]
[WhiteElo "2451"]
[BlackElo "2313"]
[TimeControl "180+1"]
[EndTime "14:53:50 PDT"]
[Termination "Kombinator01 won by resignation"]

1. d4 c6 2. e4 d5 3. f3 dxe4 4. fxe4 Nf6 5. e5 Nd5 6. Nf3 Bg4 7. Nc3 Nxc3 8. bxc3 e6 9. Bd3 Be7 10. O-O Nd7 11.
Rb1 b6 12. Qe1 Bh5 13. Qg3 Bg6 14. Bg5 O-O 15. Qh4 Re8 16. Rf2 Nf8 17. Rbf1 Bxd3 18. cxd3 Ng6 19. Qh5 Rf8 20. Bxe7 Qxe7 21. Ng5 h6 22. Nxf7 Rxf7 23. Rxf7 Qxf7 24. Rxf7 Kxf7 25.
Qf3+ Kg8 26. Qxc6 Rf8 27. Qxe6+ Kh7 28. g3 Rf3 29. Qc4 Re3 30. Kf2 Nxe5 31. Kxe3 Nxc4+ 32. dxc4 g6 33. c5 Kg7 34. cxb6 axb6 35. c4 Kf6 36. c5 Ke6 37. cxb6 Kd6 38. a4 Kc6 39. a5 Kb7 40. Ke4 g5 41. Kf5 h5 42.
Kxg5 h4 43. Kxh4 Ka6 44. g4 1-0

[Event "Late-Titled-Tuesday-Blitz-August-29-2023"]
[Site "Chess.com"]
[Date "2023.08.29"]
[Round "5"]
[White "emiliocordova"]
[Black "Mikhail_Golubev"]
[Result "0-1"]
[WhiteElo "2847"]
[BlackElo "2584"]
[TimeControl "180+1"]
[EndTime "14:53:51 PDT"]
[Termination "Mikhail_Golubev won by resignation"]

1. e4 c5 2. Nc3 d6 3. f4 Nc6 4.
Nf3 g6 5. Bb5 Bd7 6. O-O Bg7 7. d3 a6 8. Bxc6 Bxc6 9. f5 gxf5 10. exf5 Nf6 11. Ng5 Rg8 12. Qe2 Qd7 13. Nce4 Nxe4 14.
dxe4 Bf6 15. Nxh7 O-O-O 16. Nxf6 exf6 17. Rf4 Rde8 18. c4 Re7 19. b3 Qe8 20. Bb2 Bxe4 21.
Rg4 Rxg4 22. Qxg4 Bc6 23. Kf2 Re4 24. Qf3 Rxc4 25. Re1 Rc2+ 26. Re2 Bxf3 0-1

[Event "Late-Titled-Tuesday-Blitz-August-29-2023"]
[Site "Chess.com"]
[Date "2023.08.29"]
[Round "5"]
[White "reevecanada"]
[Black "PepeCuenca"]
[Result "1-0"]
[WhiteElo "2549"]
[BlackElo "2715"]
[TimeControl "180+1"]
[EndTime "14:53:52 PDT"]
[Termination "reevecanada won on time"]

1. e4 c5 2. Nf3 Nc6 3. Bb5 e6 4. Bxc6 bxc6 5. b3 Ne7 6. Bb2 f6 7.
h4 d5 8. d3 e5 9. Nc3 Bg4 10.
h5 Nc8 11. Rh4 Be6 12. Qd2 Nb6 13. a4 a5 14. Ba3 Be7 15. Rh2 O-O 16. O-O-O c4 17.
Bxe7 Qxe7 18. exd5 cxd5 19. dxc4 Rab8 20. cxd5 Rfd8 21. d6 Qb7 22. Nb5 Qc6 23. Kb2 Bc4 24. Qxa5 Be6 25. Qc3 Qb7 26. Qc7 Qe4 27. h6 gxh6 28. Rh4 Qf5 29. Rxh6 Rbc8 30. g4 Rxc7 31. gxf5 Rxc2+ 32. Kxc2 Bxf5+ 33. Kb2 1-0

[Event "Late-Titled-Tuesday-Blitz-August-29-2023"]
[Site "Chess.com"]
[Date "2023.08.29"]
[Round "5"]
[White "Rutricks"]
[Black "Haykoooo0o"]
[Result "1-0"]
[WhiteElo "2621"]
[BlackElo "2464"]
[TimeControl "180+1"]
[EndTime "14:53:56 PDT"]
[Termination "Rutricks won by checkmate"]

1. b3 d5 2. Bb2 Bf5 3. Nf3 e6 4.
e3 Nf6 5. Be2 h6 6. O-O Be7 7.
h3 O-O 8. c4 c6 9. Nc3 Bh7 10.
Rc1 Nbd7 11. d4 Rc8 12. Bd3 Bxd3 13. Qxd3 Re8 14. Rfd1 Qa5 15. e4 dxe4 16. Nxe4 Nxe4 17. Qxe4 Nf6 18. Qc2 Ba3 19. Bc3 Bb4 20. Ba1 Red8 21.
Qe2 Qf5 22. Bb2 Qe4 23. Qe3 Qxe3 24. fxe3 Ne4 25. a3 Bd6 26. b4 a6 27. Rc2 Bg3 28. Kf1 Rd7 29. Ke2 Rcd8 30. Rf1 Bc7 31. Rfc1 g5 32. Rd1 f5 33. Nd2 Nxd2 34. Rcxd2 Kf7 35. Kf3 h5 36. g4 fxg4+ 37. hxg4 h4 38. Ke4 Kg6 39. Rf1 Rf7 40. Rh1 Rdf8 41. d5 exd5+ 42.
cxd5 Re8+ 43. Kd3 Rd7 44. Rf2 Rxd5+ 45. Kc2 Be5 46. Bxe5 Rdxe5 47. Rhf1 R5e6 48. Rf7 R8e7 49. Rf8 Rxe3 50. Rg8+ Rg7 51. Rh8 Re4 52. Rd1 Re6 53. Rdd8 Kf6 54. Kd3 Ke5 55. Rhf8 Rge7 56. Rf5# 1-0

[Event "Late-Titled-Tuesday-Blitz-August-29-2023"]
[Site "Chess.com"]
[Date "2023.08.29"]
[Round "5"]
[White "ExchangeAB"]
[Black "Mesa_1"]
[Result "1/2-1/2"]
[WhiteElo "2433"]
[BlackElo "2560"]
[TimeControl "180+1"]
[EndTime "14:53:59 PDT"]
[Termination "Game drawn by repetition"]

1. d4 d6 2. e4 Nf6 3. Nc3 Nc6 4. Nf3 g6 5. h3 Bg7 6. Be3 O-O 7. Qd2 a6 8. Bh6 b5 9. Bxg7 Kxg7 10. Bd3 Bb7 11. Ne2 e5 12. d5 Ne7 13. Ng3 Nexd5 14. exd5 e4 15. Bxe4 Re8 16. Qd4 Bxd5 17. O-O Bxe4 18. Ng5 Bb7 19. Rfe1 h6 20. Rxe8 Qxe8 21. Nh7 Qe5 22.
Qxe5 dxe5 23. Nxf6 Kxf6 24. Rd1 Ke7 25. f3 Rd8 26. Rxd8 Kxd8 27. Kf2 Ke7 28. Ke3 f5 29. Ne2 Ke6 30. g3 c5 31. f4 Bd5 32. b3 Bc6 33. h4 Be8 34. Ng1 Kd5 35. Nf3 exf4+ 36. gxf4 c4 37. b4 Bc6 38. c3 Be8 39. a3 Bc6 40.
Ne5 Be8 41. Nf3 Bf7 42. Nd4 Be8 43. Nf3 1/2-1/2

[Event "Late-Titled-Tuesday-Blitz-August-29-2023"]
[Site "Chess.com"]
[Date "2023.08.29"]
[Round "5"]
[White "matagordo"]
[Black "dosto07"]
[Result "0-1"]
[WhiteElo "2193"]
[BlackElo "2507"]
[TimeControl "180+1"]
[EndTime "14:53:59 PDT"]
[Termination "dosto07 won on time"]

1. d4 d5 2. Bf4 Nf6 3. e3 c5 4.
Nf3 Nc6 5. Nbd2 cxd4 6. exd4 Qb6 7. Nb3 Bf5 8. Bd3 Bxd3 9. Qxd3 e6 10. c3 Be7 11. O-O O-O 12. Rfe1 a5 13. Rab1 a4 14.
Nbd2 Qa6 15. Qe2 Rfe8 16. Ne5 Qxe2 17. Rxe2 Nxe5 18. Bxe5 Nd7 19. Bg3 Rec8 20. h3 h6 21. Nf3 b5 22. a3 Bf6 23. Be5 Nb6 24. Nd2 Nc4 25. Nxc4 bxc4 26. Rd1 Be7 27. Bg3 Rc6 28. Kh2 Rb6 29. Rdd2 g5 30. f4 Kg7 31. Kg1 Bd6 32. Rf2 Rab8 33. Kh2 gxf4 34. Bh4 Kg6 35. Kg1 f6 0-1

[Event "Late-Titled-Tuesday-Blitz-August-29-2023"]
[Site "Chess.com"]
[Date "2023.08.29"]
[Round "5"]
[White "jefferyx"]
[Black "Sanan_Sjugirov"]
[Result "1-0"]
[WhiteElo "3028"]
[BlackElo "2855"]
[TimeControl "180+1"]
[EndTime "14:54:00 PDT"]
[Termination "jefferyx won on time"]

1. c4 Nf6 2. Nc3 e5 3. g3 Bb4 4. Bg2 O-O 5. e4 Bxc3 6. bxc3 d6 7. d3 Nbd7 8. Ne2 Rb8 9. O-O a6 10. a4 b5 11. axb5 axb5 12. cxb5 Rxb5 13. f4 h6 14. h3 Re8 15. c4 Rb8 16. Be3 Bb7 17. Kh2 Ra8 18.
Qd2 Bc6 19. f5 Nh7 20. g4 Qh4 21. Ng1 Qe7 22. Nf3 Nhf6 23. Qc3 Rxa1 24. Rxa1 Ra8 25. Rxa8+ Bxa8 26. Qa5 Qd8 27. Kg3 Bb7 28. h4 h5 29. g5 Ng4 30. Bg1 Nc5 31. Qa3 Qd7 32. Bh3 Bxe4 33. Bxg4 hxg4 34. dxe4 Nxe4+ 35. Kxg4 g6 36. Qa8+ Kg7 37. Qxe4 1-0

[Event "Late-Titled-Tuesday-Blitz-August-29-2023"]
[Site "Chess.com"]
[Date "2023.08.29"]
[Round "5"]
[White "BogdanDeac"]
[Black "cassoulet"]
[Result "1-0"]
[WhiteElo "3021"]
[BlackElo "2729"]
[TimeControl "180+1"]
[EndTime "14:54:00 PDT"]
[Termination "BogdanDeac won by checkmate"]

1. b3 Nf6 2. Bb2 e6 3. Nf3 Be7 4. c4 b6 5. g3 Bb7 6. Bg2 d5 7. cxd5 exd5 8. O-O O-O 9. d4 c5 10. Nc3 Nc6 11. dxc5 bxc5 12. Rc1 Rc8 13. Na4 Nb8 14. Bxf6 Bxf6 15. Nxc5 Ba8 16. Qd2 Qb6 17. Nd3 Nc6 18.
Nf4 Ne7 19. Nh5 g6 20. Nxf6+ Qxf6 21. Rxc8 Rxc8 22. Rc1 Qa6 23. Rxc8+ Qxc8 24. Nd4 Qc5 25. e3 Bb7 26. b4 Qd6 27. Qc3 Nc6 28. a3 Ne5 29.
Nb5 Qf6 30. f4 Qb6 31. Qxe5 Qxb5 32. Qb8+ Kg7 33. Qxa7 Qc6 34. Qc5 Qa4 35. Qc3+ Kh6 36. Bf3 Qe8 37. g4 f6 38. Qxf6 Qxe3+ 39. Kg2 Qd2+ 40.
Kh3 Bc8 41. Qf8# 1-0

[Event "Late-Titled-Tuesday-Blitz-August-29-2023"]
[Site "Chess.com"]
[Date "2023.08.29"]
[Round "5"]
[White "Young_Catalan_Player09"]
[Black "angryspacevoid"]
[Result "0-1"]
[WhiteElo "2435"]
[BlackElo "2586"]
[TimeControl "180+1"]
[EndTime "14:54:00 PDT"]
[Termination "angryspacevoid won by resignation"]

1. e4 Nc6 2. d4 Nf6 3. e5 Nd5 4. c4 Nb6 5. f4 d6 6. Nc3 dxe5 7. dxe5 Qxd1+ 8. Kxd1 Bg4+ 9. Ke1 Nb4 10. Kf2 e6 11.
h3 Bc5+ 12. Kg3 Bf5 13. Nf3 h5 14. a3 Nd3 15. Bxd3 Bxd3 16. b4 h4+ 17. Kh2 Bf2 18.
c5 Nc4 19. Ra2 Bg3+ 20. Kg1 O-O-O 21. Nb5 Bb1 22. Rf2 Rd1+ 23. Rf1 Rhd8 24. Nd6+ R8xd6 25. cxd6 Rxf1+ 26. Kxf1 Bd3+ 27. Kg1 cxd6 28. exd6 f6 29. Bd2 Nxd2 30. Nxd2 Bxf4 31. Nf1 Bxd6 32. Kf2 b5 33.
Ne3 Kd7 34. Rd1 Be4 35. Rd4 f5 36. Nd1 Ke7 37. Nc3 Be5 38. Rxe4 fxe4 39. Nxb5 a6 40.
Na7 Bd4+ 41. Ke2 Bxa7 42. Kd2 Kd6 43. Ke2 Kd5 0-1

[Event "Late-Titled-Tuesday-Blitz-August-29-2023"]
[Site "Chess.com"]
[Date "2023.08.29"]
[Round "5"]
[White "jaskol95"]
[Black "Ducke13"]
[Result "1-0"]
[WhiteElo "2580"]
[BlackElo "2429"]
[TimeControl "180+1"]
[EndTime "14:54:00 PDT"]
[Termination "jaskol95 won by checkmate"]

1. e4 c5 2. Nf3 d6 3. Bb5+ Nd7 4. a4 Nf6 5. Nc3 g6 6. a5 Bg7 7. O-O a6 8. Bc4 b5 9. axb6 Bb7 10. Re1 O-O 11. d3 a5 12. Bd2 Nxb6 13. Bb3 Qc7 14. Na4 Rfb8 15. Nxb6 Qxb6 16. e5 Nd5 17. exd6 Qxd6 18.
Qc1 Nb4 19. Bf4 Qf6 20. Bxb8 Rxb8 21. Ne5 Nd5 22. Nd7 Qd6 23. Nxb8 Qxb8 24. Rxa5 e6 25.
Rxc5 Qd6 26. Bxd5 Bxd5 27. Rc8+ Bf8 28. Qh6 Bb7 29. Rxf8+ Qxf8 30. Qxf8+ Kxf8 31. f3 Ke7 32. Kf2 Kd6 33. Ra1 Kc6 34. Ra7 h5 35. Rxb7 Kxb7 36. Ke3 Kc6 37. Kf4 f6 38. c4 Kc5 39. b3 Kd4 40. b4 e5+ 41. Kg3 g5 42. b5 Kc5 43.
h4 Kb6 44. hxg5 fxg5 45. Kf2 Kc5 46. Ke3 Kd6 47. Ke4 Ke6 48. b6 Kd6 49. c5+ Kc6 50.
Kxe5 g4 51. fxg4 hxg4 52. d4 g3 53. d5+ Kd7 54. c6+ Kc8 55. d6 Kb8 56. d7 Ka8 57.
d8=Q# 1-0

[Event "Late-Titled-Tuesday-Blitz-August-29-2023"]
[Site "Chess.com"]
[Date "2023.08.29"]
[Round "5"]
[White "NotFischer"]
[Black "kinga2008"]
[Result "0-1"]
[WhiteElo "2255"]
[BlackElo "2410"]
[TimeControl "180+1"]
[EndTime "14:54:01 PDT"]
[Termination "kinga2008 won on time"]

1. e4 c5 2. Nf3 Nc6 3. Bb5 e5 4. d3 d6 5. Bxc6+ bxc6 6. O-O g6 7. b3 Bg7 8. Nbd2 Ne7 9. Bb2 O-O 10.
Nc4 Qc7 11. a4 Be6 12. Qd2 Rad8 13. Bc3 Bxc4 14. bxc4 Qd7 15. Ba5 Rb8 16. h3 f5 17.
Rfe1 fxe4 18. Rxe4 Rxf3 19. gxf3 Qxh3 20. Qg5 Nf5 21. Qg2 Qh5 22. Qg4 Qh6 23. Rd1 d5 24. Bd2 Qh5 25. cxd5 cxd5 26. Qxh5 gxh5 27. Ree1 Nd4 28. Kg2 Nxc2 29. Rg1 Rb3 30. Kh2 Kf7 31. Rg5 Rxd3 32. Rxh5 Nd4 33. Rxh7 Nxf3+ 34. Kg2 Nxd2 35. f4 e4 0-1